 Dungeon Crawl Stone Soup version 0.24.1-1-gd1d2a07e1b (webtiles) character file.

Game seed: 3244962620253852164, levelgen mode: deterministic

87 Stormleaks the Slasher (level 4, -2/39 HPs)
             Began as a Naga Warper on Apr 6, 2020.
             Slain by a gnoll
             ... wielding a +0 spear
              (5 damage)
             ... on level 3 of the Dungeon on Apr 7, 2020.
             The game lasted 00:18:44 (2966 turns).

Stormleaks the Slasher (Naga Warper)                Turns: 2966, Time: 00:18:45

Health: -2/39      AC:  3    Str: 13    XL:     4   Next: 51%
Magic:  7/7        EV:  9    Int: 13    God:
Gold:   61         SH:  0    Dex: 12    Spells: 5/7 levels left

rFire    . . .     SeeInvis +   a - +0 falchion
rCold    . . .     Gourm    .   (no shield)
rNeg     . . .     Faith    .   b - +1 leather armour
rPois    +         Spirit   .   (no helmet)
rElec    .         Reflect  .   (no cloak)
rCorr    .         Harm     .   (no gloves)
MR       .....                  (no barding)
Stlth    +.........             (no amulet)
HPRegen  0.13/turn              (no ring)
MPRegen  0.10/turn              (no ring)

@: very slow
A: large, see invisible, deformed body, poison resistance, slowness 2, slow
metabolism 1, spit poison 1, AC +1
a: Spit Poison


You were on level 3 of the Dungeon.
You were not hungry.

You visited 1 branch of the dungeon, and saw 3 of its levels.

You collected 61 gold pieces.

Inventory:

Hand Weapons
 a - a +0 falchion (weapon)
Armour
 b - a +1 leather armour (worn)
Jewellery
 g - an uncursed ring of protection from magic {unknown}
Wands
 c - a wand of digging (5)
Scrolls
 i - 2 scrolls of fear
Comestibles
 f - a ration


   Skills:
 - Level 2.0 Fighting
 * Level 4.6 Long Blades
 - Level 0.8 Throwing
 - Level 0.7 Armour
 - Level 1.5 Dodging
 - Level 2.0 Spellcasting
 - Level 3.0 Translocations


You had 5 spell levels left.
You knew the following spells:

 Your Spells              Type           Power        Failure   Level  Hunger
a - Blink                 Tloc           N/A          14%         2    ###....

Your spell library contained the following spells:

 Spells                   Type           Power        Failure   Level  Hunger
 Shroud of Golubria       Chrm/Tloc      #.....       26%         2    ###....
 Gell's Gravitas          Tloc           #.........   28%         3    ####...
 Lesser Beckoning         Tloc           #.........   28%         3    ####...
 Teleport Other           Tloc           #.......     28%         3    ####...
 Passage of Golubria      Tloc           N/A          67%         4    #####..


Dungeon Overview and Level Annotations

Branches:
Dungeon (3/15)

Altars:
Elyvilon
Sif Muna


Innate Abilities, Weirdness & Mutations

You cannot wear boots.
Your serpentine skin is tough. (AC +1)
You have supernaturally acute eyesight. (SInv)
Armour fits poorly on your strangely shaped body.
Your system is resistant to poisons. (rPois)
You cover ground very slowly.
You have a slow metabolism.
You can spit poison.


Message History

The gnoll hits you from afar with a +0 spear.
You see here a robe.
The gnoll hits you from afar with a +0 spear.
The gnoll hits you but does no damage. The gnoll barely misses you.
You open the door. The gnoll hits you.
The gnoll hits you from afar with a +0 spear!
There is an open door here.
A gnoll comes into view. It is wielding a +0 club.
The gnoll hits you!
The gnoll shouts!
The gnoll hits you with a +0 club. The gnoll hits you with a +0 club. x2
* * * LOW HITPOINT WARNING * * *
Found an escape hatch in the floor.
The gnoll hits you with a +0 club.
* * * LOW HITPOINT WARNING * * *
The gnoll closely misses you.
The gnoll hits you from afar with a +0 spear.
You die...

#.#.....#.##..<.....###........
#.........##....##..# #........
#.#.⌠.⌠.#.......##..# #........
#.........##.........##..g.....
#.#.....#.##.#.####.#.###g#####
#.........##.#+####.##.##.#
###...######........# #.#.#
#..## ##...g.#### ##g# #..
#...@g..## ##..# #.
#......gg.####...####
+.........'...........
#.........####.....###
##.......## .......# >.......##
#.......# #####...## #.......#
##.#. ##.....## #. ##...##


You could see 4 gnolls.

Vanquished Creatures
  Terence (D:2)
  An adder (D:3)
  An ooze (D:1)
  2 worms (D:2)
  A dart slug (D:2)
  A leopard gecko (D:2)
  2 giant cockroaches
  6 goblins
  4 hobgoblins
  4 jackals (D:2)
  2 bats (D:2)
  A frilled lizard (D:1)
  7 kobolds
  2 rats
  A plant (D:1)
36 creatures vanquished.

Notes
Turn   | Place    | Note
-------+----------+-------------------------------------------
     0 | D:1      | Stormleaks the Naga Warper began the quest for the Orb.
     0 | D:1      | Reached XP level 1. HP: 19/19 MP: 3/3
   104 | D:1      | Upgraded the game from 0.24.1 to 0.24.1-1-gd1d2a07e1b
   427 | D:1      | Reached XP level 2. HP: 14/26 MP: 5/5
   602 | D:1      | Learned a level 2 spell: Blink
   783 | D:1      | Reached skill level 3 in Long Blades
  1313 | D:2      | Found a shimmering blue altar of Sif Muna.
  1344 | D:2      | Reached XP level 3. HP: 32/32 MP: 6/6
  1783 | D:2      | HP: 1/32 [kobold/+0 short sword (3)]
  1798 | D:2      | HP: 1/32 [bat (1)]
  2195 | D:2      | Reached skill level 4 in Long Blades
  2259 | D:3      | Reached XP level 4. HP: 34/39 MP: 7/7
  2306 | D:3      | Noticed Terence
  2611 | D:2      | Killed Terence
  2882 | D:3      | Found a white marble altar of Elyvilon.
  2966 | D:3      | Slain by a gnoll

Levels and vault maps discovered:
D:1:      lemuel_arrival_muddy, layout_basic
D:2:      layout_basic, lemuel_blue_sif_altar
D:3:      layout_loops_corners, elyvilon_altar_5, uniq_terence

Skill      XL: |  1  2  3 |
---------------+----------+-----
Long Blades    | 3 4 |  4.6
Fighting       | |  2.0
Throwing       | |  0.8
Armour         | |  0.7
Dodging        | |  1.5
Spellcasting   | |  2.0
Translocations | |  3.0

Action                   |  1- 3 |  4- 6 || total
-------------------------+-------+-------++-------
Melee: Falchion          |   164 |    32 ||   196
Throw: Boomerang         |       |     5 ||     5
 Cast: Blink             |    10 |     2 ||    12
 Abil: Spit Poison       |     3 |       ||     3
  Use: Scroll            |     7 |       ||     7
       Potion            |       |     2 ||     2
 Stab: Sleeping          |     1 |       ||     1
  Eat: Ration            |     1 |     1 ||     2
       Chunk             |       |     1 ||     1
Armor: Leather armour    |    20 |     9 ||    29
       Skin              |       |    13 ||    13
Dodge: Dodged            |    60 |    14 ||    74
       Rpst.: Falchion   |    24 |     3 ||    27
